AoeStats
← Niklas

Black Forest

503238261Analyzed
4v4 RM · 1mo ago on Aug 30, 2026· 57m 2s· 8 players
Game mode
Random Map
Map size
Large (8 player)
Population
200
Speed
Normal
Resources
Standard
Victory
Conquest
Starting age
Dark Age
Ending age
Imperial Age
RankedLock teamsTeams togetherTeam positionsShared explorationLock speedFull tech treeHidden civsTurbo modeCheats
Victory
Defeat
🇪🇸 Britons · Spain
1246
+13
🇩🇪 Poles · Germany
1207
+15
🇩🇪 Berbers · Germany
1195
+15
🇫🇮 Ethiopians · Finland
1189
+16
🇺🇸 Malians · United States
1251
-18
🇺🇸 Slavs · United States
1244
-18
🇺🇸 Japanese · United States
1121
-12
🇺🇸 Goths · United States
1106
-29
Niklas
0:26 Loom
13:24 Feudal Age
14:42 Horse Collar
19:58 Castle Age
18:16 Double-Bit Axe
20:23 Wheelbarrow
21:18 Heavy Plow
21:31 Bow Saw
22:59 Scale Mail Armor
23:10 Forging
30:34 Imperial Age
28:25 Hand Cart
28:44 Stone Mining
28:44 Gold Mining
28:58 Squires
28:43 Arson
30:29 Chain Mail Armor
32:12 Plate Mail Armor
32:18 Iron Casting
33:12 Stone Shaft Mining
33:18 Conscription
32:35 Elite Obuch
34:04 Town Watch
37:39 Blast Furnace
36:45 Scale Barding Armor
37:03 Lechitic Legacy
41:11 Husbandry
41:22 Bloodlines
40:33 Light Cavalry
41:37 Chain Barding Armor
42:30 Winged Hussar
[O_o] Killerhand
12:07 Feudal Age
16:02 Castle Age
14:16 Double-Bit Axe
14:19 Horse Collar
18:02 Bow Saw
18:01 Heavy Plow
23:03 Scale Barding Armor
24:39 Chain Barding Armor
25:11 Forging
26:31 Bloodlines
26:22 Husbandry
27:03 Gold Mining
29:46 Loom
30:36 Wheelbarrow
29:59 Light Cavalry
30:42 Fletching
31:30 Iron Casting
33:44 Imperial Age
33:32 Hand Cart
33:04 Loom
35:05 Gold Shaft Mining
35:07 Plate Barding Armor
33:54 Hussar
34:12 Heavy Camel Rider
35:38 Crop Rotation
35:39 Conscription
37:10 Stone Mining
41:30 Blast Furnace
40:33 Maghrebi Camels
44:48 Chemistry
44:18 Caravan
44:51 Elite Camel Archer
45:32 Kasbah
47:07 Fletching
48:04 Ballistics
50:14 Bodkin Arrow
50:44 Siege Engineers
51:10 Bracer
51:14 Padded Archer Armor
55:07 Coinage
54:53 Leather Archer Armor
54:48 Thumb Ring
57:00 Ring Archer Armor
Finarfin
5:51 Loom
11:21 Feudal Age
12:39 Wheelbarrow
11:45 Horse Collar
11:51 Double-Bit Axe
15:36 Town Watch
18:22 Castle Age
19:19 Bow Saw
19:36 Heavy Plow
26:55 Fletching
29:47 Hand Cart
29:55 Bodkin Arrow
30:09 Caravan
30:23 Padded Archer Armor
31:02 Gold Mining
31:04 Stone Mining
32:17 Leather Archer Armor
32:24 Ballistics
32:18 Fortified Wall
32:19 Masonry
32:29 Ballistics
31:34 Crossbowman
32:20 Thumb Ring
35:47 Imperial Age
34:35 Town Patrol
35:18 Coinage
35:44 Murder Holes
36:30 Bracer
37:01 Ring Archer Armor
37:03 Architecture
37:14 Gold Shaft Mining
37:15 Stone Shaft Mining
36:46 Arbalester
37:49 Conscription
38:15 Banking
37:56 Guilds
38:29 Torsion Engines
40:50 Chemistry
40:13 Onager
40:57 Royal Heirs
40:18 Elite Shotel Warrior
43:51 Sappers
45:23 Heavy Scorpion
47:31 Siege Engineers
47:17 Heated Shot
48:35 Siege Onager
57:35 Atonement
57:46 Fervor
58:02 Illumination
57:38 Devotion
57:58 Sanctity
57:59 Heresy
57:34 Herbal Medicine
58:16 Theocracy
Pepelu_wins
0:26 Loom
11:39 Feudal Age
17:16 Castle Age
15:38 Stone Mining
16:06 Double-Bit Axe
18:25 Horse Collar
18:29 Fishing Lines
19:24 Fletching
29:57 Bodkin Arrow
37:25 Imperial Age
36:07 Ballistics
36:52 Padded Archer Armor
38:14 Bracer
40:53 Chemistry
41:39 Conscription
44:26 Elite Longbowman
45:40 Masonry
45:36 Siege Engineers
47:21 Scale Mail Armor
47:31 Forging
47:22 Man-at-Arms
47:47 Gambesons
48:25 Squires
48:11 Arson
48:58 Chain Mail Armor
48:17 Long Swordsman
48:53 Pikeman
49:16 Two-Handed Swordsman
50:54 Iron Casting
50:50 Plate Mail Armor
50:49 Caravan
50:20 Champion
52:08 Gold Mining
Ski Into Trees
1:08 Loom
13:33 Feudal Age
14:25 Double-Bit Axe
19:33 Castle Age
19:46 Gold Mining
21:36 Bow Saw
23:10 Fishing Lines
24:31 Horse Collar
25:42 Gold Shaft Mining
26:23 Wheelbarrow
26:25 Gillnets
27:07 Heavy Plow
27:48 Hand Cart
27:59 Town Watch
27:39 Man-at-Arms
28:21 Scale Mail Armor
28:18 Long Swordsman
30:13 Town Patrol
31:22 Chain Mail Armor
31:18 Forging
30:32 Elite Skirmisher
34:09 Imperial Age
32:33 Chain Mail Armor
32:28 Forging
32:13 Fletching
34:10 Iron Casting
33:36 Padded Archer Armor
33:45 Scale Barding Armor
33:49 Yasama
34:34 Thumb Ring
34:52 Chain Barding Armor
34:41 Squires
34:27 Arson
34:04 Pikeman
35:32 Ballistics
36:13 Chemistry
35:54 Siege Engineers
36:12 Conscription
35:21 Heavy Cavalry Archer
36:27 Parthian Tactics
36:42 Caravan
37:26 Kataparuto
37:56 Guard Tower
37:52 Arrowslits
39:29 Leather Archer Armor
39:09 Bodkin Arrow
39:52 Keep
39:26 Two-Handed Swordsman
40:39 Elite Samurai
42:38 Stone Mining
Nike Nerd
1:02 Loom
12:56 Feudal Age
16:58 Castle Age
15:07 Double-Bit Axe
18:13 Bow Saw
17:46 Horse Collar
27:47 Wheelbarrow
30:27 Hand Cart
31:20 Town Watch
33:17 Town Patrol
33:33 Bloodlines
33:52 Scale Barding Armor
37:16 Imperial Age
35:24 Gold Mining
36:30 Husbandry
37:06 Chain Barding Armor
38:02 Forging
37:31 Heavy Scorpion
37:41 Cavalier
39:16 Pikeman
40:11 Halberdier
43:56 Onager
48:27 Siege Onager
51:00 Siege Engineers
51:56 Scale Mail Armor
53:04 Two-Man Saw
53:16 Chain Mail Armor
54:37 Plate Mail Armor
55:09 Squires
grantclements16
4:59 Loom
10:58 Feudal Age
14:54 Castle Age
13:37 Double-Bit Axe
14:07 Horse Collar
15:48 Bow Saw
19:57 Heavy Plow
24:43 Forging
28:06 Squires
30:25 Iron Casting
29:51 Scale Mail Armor
31:25 Wheelbarrow
32:51 Hand Cart
34:08 Chain Mail Armor
37:07 Imperial Age
35:35 Caravan
35:44 Gold Mining
36:36 Chain Mail Armor
38:05 Gold Shaft Mining
38:32 Plate Mail Armor
38:29 Conscription
38:40 Elite Gbeto
39:21 Arson
40:11 Heavy Camel Rider
41:04 Bloodlines
41:14 Farimba
42:04 Conscription
41:56 Husbandry
49:44 Padded Archer Armor
49:34 Fletching
50:17 Thumb Ring
50:15 Elite Skirmisher
53:21 Leather Archer Armor
53:02 Bodkin Arrow
Helaman's 2000
0:27 Loom
12:06 Feudal Age
16:21 Castle Age
16:24 Double-Bit Axe
16:20 Horse Collar
18:33 Bow Saw
23:46 Wheelbarrow
24:41 Heavy Plow
25:56 Scale Mail Armor
26:07 Forging
25:53 Gold Mining
25:54 Stone Mining
25:50 Pikeman
26:34 Squires
27:58 Stone Shaft Mining
31:29 Hand Cart
34:41 Imperial Age
33:33 Chain Mail Armor
33:54 Iron Casting
33:55 Caravan
34:04 Anarchy
35:32 Perfusion
35:54 Conscription
38:05 Blast Furnace
37:07 Halberdier
41:03 Man-at-Arms
41:25 Long Swordsman
42:53 Two-Handed Swordsman
44:11 Champion
Connection lost

Rejoining the realm…

Still unreachable

The connection could not be restored.

Session expired

The server has moved on; the page needs a fresh start.